 Dungeon Crawl Stone Soup version 0.27.0-1-g7a089689b8 (webtiles) character file.

Game seed: 14256243339831406745

145 gimp the Sneak (level 5, 0/25 HPs)
             Began as a Spriggan Transmuter on Aug 11, 2021.
             Slain by an orc priest (2 damage)
             ... on level 3 of the Dungeon.
             The game lasted 00:07:33 (3410 turns).

gimp the Sneak (Spriggan Transmuter)                Turns: 3410, Time: 00:07:34

Health: 0/25       AC:  2    Str:  6    XL:     5   Next: 6%
Magic:  19/19      EV: 18    Int: 14    God:
Gold:   82         SH:  0    Dex: 17    Spells: 8/9 levels left

rFire    . . .     SeeInvis +   b - +3 short sword
rCold    . . .     Faith    .   (shield restricted)
rNeg     . . .     Spirit   .   u - +0 robe
rPois    .         Reflect  .   (helmet currently unavailable)
rElec    .         Harm     .   (no cloak)
rCorr    .         Rampage  .   (gloves unavailable)
Will     .....                  (boots unavailable)
Stlth    +++.......             (no amulet)
HPRegen  0.08/turn              g - ring of magical power
MPRegen  0.16/turn              (no ring)

@: appendages (expiring), very quick
A: horns 2, talons 2, very small, no large weapons, unfitting armour, see
invisible, speed 3
a: End Transformation


You were on level 3 of the Dungeon.
You had temporarily grown beastly horns and talons.
You visited 1 branch of the dungeon, and saw 3 of its levels.

You collected 104 gold pieces.
You spent 22 gold pieces at shops.

Inventory:

Hand Weapons
 a - a +0 dagger
 b - a +3 short sword (weapon)
Armour
 u - a +0 robe (worn)
Jewellery
 d - an amulet of faith
 g - a ring of magical power (left hand)
Scrolls
 e - a scroll of teleportation
Potions
 c - 2 potions of curing
 f - a potion of ambrosia {unknown}
 h - a potion of lignification {unknown}


   Skills:
 - Level 0.7 Fighting
 * Level 2.9 Short Blades
 + Level 4.0 Dodging
 * Level 4.9 Stealth
 - Level 2.4 Unarmed Combat
 - Level 2.6 Spellcasting
 - Level 2.6 Transmutations


You had 8 spell levels left.
You knew the following spells:

 Your Spells              Type           Power      Damage    Failure   Level
a - Beastly Appendage     Tmut           18%        N/A       8%          1

Your spell library contained the following spells:

 Spells                   Type           Power      Damage    Failure   Level
 Wereblood                Tmut           9%         N/A       11%         2
 Spider Form              Tmut/Pois      2%         N/A       36%         3
 Ice Form                 Ice/Tmut       5%         N/A       77%         4


Dungeon Overview and Level Annotations

Branches:
Dungeon (3/15)

Altars:
Gozag
Hepliaklqana

Shops:
D:2 *


Innate Abilities, Weirdness & Mutations

You have temporarily grown beastly horns and talons.
You are very small and have problems with some larger weapons.
You are too small for most types of armour.
You have supernaturally acute eyesight. (SInv)
You cover ground extremely quickly. (Speed+++)


Message History

An orc priest is nearby!
You barely miss the orc priest. Your kick misses the orc priest.
The orc priest mumbles some strange prayers to Beogh against you.
Beogh smites you!
Ouch! That really hurt!
You take 16 damage, and have 9/25 hp.
MASSIVE DAMAGE!!
You hit the orc priest.
You claw the orc priest, but do no damage.
You headbutt the orc priest, but do no damage.
The orc priest is lightly wounded.
The orc priest misses you.
You hit the orc priest but do no damage.
Your kick misses the orc priest.
You headbutt the orc priest, but do no damage.
The orc priest is lightly wounded.
You hit the orc. Your headbutt misses the orc.
The orc is severely wounded.
The orc priest invokes the aid of Beogh against you.
Beogh smites you!
* * * LOW HITPOINT WARNING * * *
You take 7 damage, and have 2/25 hp.
MASSIVE DAMAGE!!
You hit the orc.
You kill the orc!
MP restored: 19 You hit the orc priest but do no damage.
You claw the orc priest, but do no damage.
Your headbutt misses the orc priest.
The orc priest is lightly wounded.
The orc priest barely misses you.
You hit the orc priest but do no damage.
You claw the orc priest, but do no damage.
The orc priest is lightly wounded.
Your transformation is almost over.
The orc priest closely misses you.
A ball python comes into view.
You barely miss the orc priest.
The orc priest is lightly wounded.
The ball python hisses angrily.
The orc priest hits you with a +0 short sword.
You die...

# #. # #..
# #.. #
##... #
..o.# #
#.#.o######
#
#...oo..So#
#
####.####o#
#. #@#
#.o.. #.#
#.### #.#
#.# #.# #.#
#.# #.# #.#
#.# #.# #†#
#.#
#.#######.#


You could see an orc priest, an orc and a ball python.

Vanquished Creatures
  Jessica (D:2)
  4 adders
  4 dart slugs
  An orc (D:3)
  8 ball pythons
  4 bats
  7 endoplasms
  3 giant cockroaches
  5 goblins
  5 hobgoblins
  10 jackals
  6 kobolds
  5 quokkas
  A frilled lizard (D:2)
64 creatures vanquished.

Notes
Turn   | Place    | Note
-------+----------+-------------------------------------------
     0 | D:1      | gimp the Spriggan Transmuter began the quest for the Orb.
     0 | D:1      | Reached XP level 1. HP: 9/9 MP: 5/5
   281 | D:1      | Reached skill level 1 in Stealth
   861 | D:1      | Reached XP level 2. HP: 14/14 MP: 6/6
  1045 | D:1      | Reached skill level 1 in Short Blades
  1376 | D:1      | Reached XP level 3. HP: 17/17 MP: 8/8
  1402 | D:1      | Found a faded altar of an unknown god.
  1830 | D:2      | You fall into a shaft and drop 1 floor!
  1847 | D:3      | Found an opulent altar of Gozag.
  1847 | D:3      | Found a hazy altar of Hepliaklqana.
  2255 | D:2      | Found Culivvoi's General Store.
  2303 | D:2      | Reached XP level 4. HP: 16/21 MP: 9/9
  2416 | D:2      | Bought a scroll of identify for 22 gold pieces
  2555 | D:2      | Noticed Jessica
  2567 | D:2      | Killed Jessica
  2888 | D:3      | Reached XP level 5. HP: 23/25 MP: 10/10
  3410 | D:3      | Slain by an orc priest

Illustrated notes

Levels and vault maps discovered:
D:1:      wander_arrival_chamber, layout_loops_ring,
          hellmonk_ecumenical_altar_zigzags, fountainhead
D:2:      layout_basic, serial_shops, nicolae_shop_waterfront, uniq_jessica
D:3:      layout_basic, chequers_temple_overflow_statue_of_worship, minitemple

Skill      XL: |  1  2  3  4 |
---------------+-------------+-----
Stealth        | 2 3 4 |  4.9
Dodging        | 3 4 |  4.0
Short Blades   | 1 2 |  2.9
Fighting       | |  0.7
Unarmed Combat | |  2.4
Spellcasting   | |  2.6
Transmutations | |  2.6

Action                   |  1- 3 |  4- 6 || total
-------------------------+-------+-------++-------
Melee: Unarmed           |    13 |       ||    13
       Dagger            |    24 |       ||    24
       Kick              |    19 |    11 ||    30
       Headbutt          |    13 |     9 ||    22
       Short sword       |    72 |    67 ||   139
 Cast: Beastly Appendage |    16 |    12 ||    28
  Use: Potion            |     2 |       ||     2
       Scroll            |       |     2 ||     2
 Stab: Sleeping          |     6 |     1 ||     7
       Distracted        |     1 |       ||     1
Armor: Robe              |     9 |     4 ||    13
Dodge: Dodged            |    80 |    39 ||   119
